Map: 궤도 조선소

Players

viOLet - Winner!

  • Race: Zerg Zerg

Serral

  • Race: Zerg Zerg
  • League: Grandmaster

Event: DreamHack ZOWIE Open Leipzig

VOD

Have the link to the VOD?

Description

Time

  • Played on: Jan. 23, 2016, 9:57 a.m.
  • Length: 9:08

All games in this series

Show
View Real Time Build Order
Export as new Build Order

viOLet Zerg - Winner!

Build Orders: Pool First 

Get SALT Encoding   

  12  0:18  Spawning Pool  
  11  0:21  Drone  
  11  0:26  Drone  
  13  0:30  Drone  
  14  0:39  Overlord  
  14  1:04  Zergling x4  
  14  1:05  Zergling x2  
  17  1:17  Zergling x2  
  17  1:18  Hatchery  
  17  1:26  Zergling x2  
  18  1:35  Queen  
  20  1:41  Zergling x2  
  21  1:53  Overlord  
  21  2:00  Drone  
  22  2:10  Queen  
  22  2:12  Drone  
  25  2:20  Drone  
  24  2:31  Drone  
  24  2:32  Queen  
  26  2:39  Drone  
  27  2:44  Spine Crawler  
  27  2:50  Queen  
  26  2:52  Drone  
  26  2:54  Drone  
  27  2:58  Drone x2  
  29  3:12  Drone x2  
  33  3:17  Overlord  
  33  3:20  Drone  
  33  3:23  Drone  
  34  3:27  Drone x3  
  36  3:34  Overlord  
  36  3:37  Drone x2, Extractor  
  36  3:38  Extractor  
  36  3:42  Drone x3  
  36  3:48  Drone x2  
  41  3:53  Overlord  
  41  3:58  Drone  
  41  3:59  Drone  
  41  4:00  Drone x2  
  45  4:10  Drone x2  
  45  4:11  Drone  
  45  4:14  Drone x2, Extractor x2  
  48  4:20  Lair  
  48  4:26  Drone x2  
  51  4:31  Zergling x8  
  51  4:35  Drone  
  55  4:39  Metabolic Boost  
  55  4:45  Drone  
  56  4:46  Drone  
  56  4:49  Overlord  
  57  5:00  Hatchery  
  57  5:04  Overlord  
  57  5:06  Zergling x6  
  59  5:09  Zergling x4  
  61  5:15  Zergling x4  
  61  5:18  Spire  
  61  5:19  Zergling x2  
  61  5:21  Overlord  
  63  5:22  Zergling x4  
  63  5:25  Zergling x2  
  66  5:35  Zergling x10  
  71  5:41  Overlord  
  71  5:46  Drone  
  71  5:49  Zergling x6  
  75  5:56  Drone  
  76  5:57  Drone  
  76  5:58  Evolution Chamber  
  76  5:59  Roach Warren  
  75  6:05  Drone x3  
  78  6:11  Overlord  
  78  6:12  Drone  
  78  6:14  Drone  
  76  6:31  Mutalisk x2  
  76  6:32  Mutalisk x5  
  81  6:35  Drone  
  81  6:39  Mutalisk x3  
  90  6:46  Mutalisk  
  92  6:52  Drone  
  92  6:53  Drone x4  
  93  6:58  Mutalisk  
  93  6:59  Overlord  
  93  7:00  Drone x2  
  97  7:08  Drone x2  
  99  7:14  Drone x3  
  102  7:17  Glial Reconstitution  
  102  7:20  Overlord x2  
  102  7:23  Roach x2  
  102  7:24  Overlord  
  102  7:25  Roach  
  108  7:31  Roach  
  108  7:35  Roach  
  112  7:37  Overlord  
  112  7:39  Roach x3  
  112  7:40  Roach  
  112  7:42  Roach  
  112  7:43  Roach  
  124  7:46  Roach x2  
  120  7:52  Roach x2  
  120  7:54  Roach  
  122  7:59  Roach x2  
  122  8:01  Extractor  
  122  8:04  Roach x2  
  129  8:09  Roach x3  
  129  8:11  Roach  
  137  8:18  Roach  
  137  8:19  Roach  
  139  8:21  Roach x2  
  139  8:24  Overlord x3  
  143  8:31  Roach  
  145  8:39  Overlord x4  
  145  8:44  Roach x7  
  145  8:47  Roach  
Show
View Real Time Build Order
Export as new Build Order

Serral Zerg 

Build Orders: Hatch First, Pool First 

Get SALT Encoding   

  12  0:00  Drone  
  13  0:12  Overlord  
  13  0:17  Drone  
  14  0:31  Drone x2  
  14  0:35  Drone  
  17  0:53  Hatchery  
  17  0:55  Drone  
  17  0:58  Drone  
  17  1:01  Extractor  
  17  1:08  Drone  
  18  1:15  Spawning Pool  
  17  1:19  Drone  
  18  1:28  Drone  
  19  1:38  Overlord  
  19  2:02  Queen  
  19  2:04  Zergling x4  
  22  2:14  Zergling x2  
  18  2:23  Metabolic Boost  
  18  2:25  Drone  
  17  2:31  Drone  
  18  2:38  Drone  
  19  2:48  Drone x2  
  21  2:54  Drone  
  21  2:55  Extractor  
  22  3:00  Drone  
  22  3:04  Drone  
  24  3:08  Overlord  
  24  3:13  Drone  
  25  3:20  Queen  
  25  3:24  Drone  
  28  3:27  Drone  
  28  3:29  Drone  
  30  3:36  Overlord  
  30  3:38  Drone  
  30  3:40  Drone  
  32  3:42  Drone  
  32  3:44  Drone  
  32  3:47  Drone  
  35  3:49  Drone  
  36  3:56  Drone x3  
  39  4:11  Hatchery  
  39  4:15  Drone  
  39  4:16  Overlord  
  39  4:20  Drone x2  
  39  4:21  Drone  
  39  4:23  Drone  
  43  4:29  Drone  
  44  4:31  Roach Warren  
  44  4:33  Extractor  
  44  4:35  Drone  
  44  4:36  Extractor  
  44  4:37  Overlord  
  42  4:39  Drone  
  42  4:42  Drone  
  42  4:45  Drone x2  
  46  4:47  Drone  
  46  4:49  Drone  
  46  4:52  Drone x2  
  50  4:58  Overlord  
  48  5:09  Evolution Chamber  
  49  5:14  Roach x4  
  49  5:15  Roach  
  49  5:20  Lair  
  57  5:24  Drone x2  
  57  5:25  Drone  
  60  5:32  Roach x3  
  60  5:33  Roach  
  67  5:36  Zerg Missile Weapons Level 1  
  67  5:41  Queen  
  69  5:47  Overlord  
  69  5:48  Drone x2  
  69  5:49  Drone  
  72  5:50  Drone  
  72  5:53  Pneumatized Carapace  
  73  5:59  Drone  
  74  6:14  Evolution Chamber  
  74  6:15  Roach x3  
  74  6:16  Roach  
  81  6:22  Glial Reconstitution  
  81  6:25  Extractor  
  78  6:27  Roach  
  78  6:28  Roach  
  82  6:34  Overlord x3  
  81  6:54  Roach x5  
  83  6:55  Hatchery  
  86  7:01  Queen x2  
  86  7:05  Overlord  
  90  7:10  Drone x2  
  90  7:14  Spore Crawler  
  91  7:15  Spore Crawler  
  91  7:17  Spore Crawler x2, Drone  
  91  7:18  Drone x3  
  91  7:21  Spore Crawler  
  91  7:22  Spore Crawler  
  90  7:24  Overlord  
  91  7:33  Spore Crawler  
  91  7:35  Overlord x3  
  90  7:43  Queen  
  92  7:47  Queen  
  90  7:54  Spore Crawler  
  90  8:03  Drone x6  
  90  8:05  Spore Crawler  
  95  8:07  Overlord  
  94  8:16  Infestation Pit  
  94  8:18  Queen  
  94  8:19  Drone x3  
  95  8:24  Extractor  
  95  8:26  Overlord  
  93  8:28  Queen  
  93  8:30  Drone x2  
  91  8:37  Overlord  
  91  8:39  Drone x3  
  92  8:41  Overlord  
  92  8:48  Drone x2  

Tags
 
Add a new tag
Caveats
  • Supply blocks, unpowered buildings, or Contaminate may cause inaccurate times.
  • Supply counts are checked every 10 seconds.